PAA
LAKE MINNETONKA LOVE BOATS @ CASPER GHOSTS
08/12/2034
 
TOP OF THE 1ST
Lake Minnetonka Love Boats batting - Pitching for Casper Ghosts : RHP Rhys Maskell
Pitching: RHP Rhys Maskell
Batting: LHB Tom Haymon 0-0: Ball
1-0: Swinging Strike
1-1: Ball
2-1: Swinging Strike
2-2: Foul Ball, location: 2F
2-2: Foul Ball, location: 2F
2-2: Ball
3-2: Strikes out looking
Batting: RHB Jeff Hunter 0-0: Ball
1-0: Called Strike
1-1: Ball
2-1: Foul Ball, location: 2F
2-2: Ball
3-2: Foul Ball, location: 2F
3-2: SINGLE (Line Drive, 34D)
Batting: RHB Mario van Heijbeeck 0-0: Ball
Jeff Hunter steals 2nd base
1-0: Ball
2-0: Fly out, F7 (Flyball, 7LSF)
Batting: LHB Juan Ramírez 0-0: SINGLE (Flyball, 89S)
Jeff Hunter to third
Runner from 3rd tries for Home, SAFE, no throw
Batting: RHB Martin van Veldhuizen 0-0: Ball
1-0: Ground out 1-3 (Groundball, P)
Top of the 1st over - 1 run, 2 hits, 0 errors, 1 left on base; Lake Minnetonka 1 - Casper 0
BOTTOM OF THE 1ST
Casper Ghosts batting - Pitching for Lake Minnetonka Love Boats : RHP Dylan Telford
Pitching: RHP Dylan Telford
Batting: LHB Ronald Anderson 0-0: Ball
1-0: Foul Ball, location: 2F
1-1: Ball
2-1: Fly out, F2 (Popup, 2LF)
Batting: RHB Adrijan Markovski 0-0: Called Strike
0-1: Ball
1-1: Swinging Strike
1-2: Ball
2-2: Ball
3-2: Foul Ball, location: 2F
3-2: SINGLE (Groundball, 5D)
Batting: LHB Marcus Shill 0-0: Called Strike
0-1: Swinging Strike
0-2: Ball
1-2: Strikes out swinging
Batting: LHB Badry Maksimenov 0-0: Ball
1-0: Ball
2-0: Ground out 4-3 (Groundball, 4)
Bottom of the 1st over - 0 runs, 1 hit, 0 errors, 1 left on base; Lake Minnetonka 1 - Casper 0
TOP OF THE 2ND
Lake Minnetonka Love Boats batting - Pitching for Casper Ghosts : RHP Rhys Maskell
Batting: RHB Hatui Haunani 0-0: Ball
1-0: Foul Ball, location: 2F
1-1: Called Strike
1-2: Strikes out swinging
Batting: RHB Francisco Guerra 0-0: Bunt missed!
0-1: SINGLE (Groundball, 4MD)
Batting: RHB Mike Bean 0-0: Ground out 3-1 (Groundball, 34S)
Francisco Guerra to second
Batting: RHB Yoshii Saikawa 0-0: Ground out 4-3 (Groundball, 4S)
Top of the 2nd over - 0 runs, 1 hit, 0 errors, 1 left on base; Lake Minnetonka 1 - Casper 0
BOTTOM OF THE 2ND
Casper Ghosts batting - Pitching for Lake Minnetonka Love Boats : RHP Dylan Telford
Batting: RHB Jeff Mouton 0-0: Called Strike
0-1: Swinging Strike
0-2: Ball
1-2: Ground out 5-3 (Groundball, 56S)
Batting: RHB Jur Prokop 0-0: Ball
1-0: Ground out 6-3 (Groundball, 6)
Batting: RHB Steve Weber 0-0: Fly out, F8 (Flyball, 8RS)
Bottom of the 2nd over - 0 runs, 0 hits, 0 errors, 0 left on base; Lake Minnetonka 1 - Casper 0
TOP OF THE 3RD
Lake Minnetonka Love Boats batting - Pitching for Casper Ghosts : RHP Rhys Maskell
Batting: LHB Tom Haymon 0-0: Called Strike
0-1: Ball
1-1: Called Strike
1-2: Fly out, F5 (Popup, 56)
Batting: RHB Jeff Hunter 0-0: Called Strike
0-1: Swinging Strike
0-2: Foul Ball, location: 2F
0-2: Ball
1-2: Strikes out looking
Batting: RHB Mario van Heijbeeck 0-0: Foul Ball, location: 2F
0-1: Ball
1-1: Ball
2-1: Ball
3-1: Swinging Strike
3-2: SINGLE (Flyball, 89S)
Batting: LHB Juan Ramírez 0-0: Ball
1-0: Called Strike
1-1: Ball
2-1: SINGLE (Line Drive, 6MD)
Mario van Heijbeeck to second
Batting: RHB Martin van Veldhuizen 0-0: Called Strike
0-1: Foul Ball, location: 2F
0-2: Ball
1-2: Strikes out looking
Top of the 3rd over - 0 runs, 2 hits, 0 errors, 2 left on base; Lake Minnetonka 1 - Casper 0
BOTTOM OF THE 3RD
Casper Ghosts batting - Pitching for Lake Minnetonka Love Boats : RHP Dylan Telford
Batting: RHB José Reyes 0-0: Foul Ball, location: 2F
0-1: Called Strike
0-2: Strikes out looking
Batting: RHB Tatsui Kiyomizu 0-0: Called Strike
0-1: Ball
1-1: Called Strike
1-2: Fly out, F4 (Line Drive, 4)
Batting: LHB Ronald Anderson 0-0: Foul Ball, location: 2F
0-1: Ball
1-1: Called Strike
1-2: SOLO HOME RUN (Flyball, 9LD), Distance : 364 ft
Batting: RHB Adrijan Markovski 0-0: Called Strike
0-1: Ground out U3 (Groundball, 3)
Bottom of the 3rd over - 1 run, 1 hit, 0 errors, 0 left on base; Lake Minnetonka 1 - Casper 1
TOP OF THE 4TH
Lake Minnetonka Love Boats batting - Pitching for Casper Ghosts : RHP Rhys Maskell
Batting: RHB Hatui Haunani 0-0: Ball
1-0: Ground out 1-3 (Groundball, P)
Batting: RHB Francisco Guerra 0-0: Ball
1-0: Ball
2-0: Ball
3-0: Base on Balls
Batting: RHB Mike Bean 0-0: Ball
1-0: Grounds into double play, 4-6-3 (Groundball, 4)
Top of the 4th over - 0 runs, 0 hits, 0 errors, 0 left on base; Lake Minnetonka 1 - Casper 1
BOTTOM OF THE 4TH
Casper Ghosts batting - Pitching for Lake Minnetonka Love Boats : RHP Dylan Telford
Batting: LHB Marcus Shill 0-0: Ball
1-0: Called Strike
1-1: SINGLE (Groundball, 34D)
Batting: LHB Badry Maksimenov 0-0: Ball
1-0: Called Strike
Marcus Shill is caught stealing 2nd base
1-1: Called Strike
1-2: Ball
2-2: Foul Ball, location: 2F
2-2: Fly out, F7 (Flyball, 78M)
Batting: RHB Jeff Mouton 0-0: Called Strike
0-1: Ball
1-1: Ball
2-1: Ball
3-1: Foul Ball, location: 2F
3-2: Fly out, F6 (Popup, 6D)
Bottom of the 4th over - 0 runs, 1 hit, 0 errors, 0 left on base; Lake Minnetonka 1 - Casper 1
TOP OF THE 5TH
Lake Minnetonka Love Boats batting - Pitching for Casper Ghosts : RHP Rhys Maskell
Batting: RHB Yoshii Saikawa 0-0: Called Strike
0-1: Called Strike
0-2: Foul Ball, location: 2F
0-2: Ball
1-2: Ground out 4-3 (Groundball, 4)
Batting: LHB Tom Haymon 0-0: Ball
1-0: Foul Ball, location: 2F
1-1: Foul Ball, location: 2F
1-2: Ball
2-2: Ball
3-2: Ground out U3 (Groundball, 3S)
Batting: RHB Jeff Hunter 0-0: Foul Ball, location: 2F
0-1: Ball
1-1: Ground out 6-3 (Groundball, 6)
Top of the 5th over - 0 runs, 0 hits, 0 errors, 0 left on base; Lake Minnetonka 1 - Casper 1
BOTTOM OF THE 5TH
Casper Ghosts batting - Pitching for Lake Minnetonka Love Boats : RHP Dylan Telford
Batting: RHB Jur Prokop 0-0: Foul Ball, location: 2F
0-1: Ball
1-1: Fly out, F9 (Flyball, 89D)
Batting: RHB Steve Weber 0-0: Ball
1-0: Ball
2-0: Ball
3-0: Base on Balls
Batting: RHB José Reyes 0-0: Called Strike
0-1: Ball
1-1: Foul Ball, location: 2F
1-2: Strikes out swinging
Batting: RHB Tatsui Kiyomizu 0-0: Ball
1-0: Called Strike
1-1: Ball
2-1: Foul Ball, location: 2F
2-2: Ball
Steve Weber steals 2nd base
3-2: Strikes out swinging
Bottom of the 5th over - 0 runs, 0 hits, 0 errors, 1 left on base; Lake Minnetonka 1 - Casper 1
TOP OF THE 6TH
Lake Minnetonka Love Boats batting - Pitching for Casper Ghosts : RHP Rhys Maskell
Batting: RHB Mario van Heijbeeck 0-0: Ball
1-0: Called Strike
1-1: Fly out, F7 (Flyball, 7LS)
Batting: LHB Juan Ramírez 0-0: Foul Ball, location: 2F
0-1: Ball
1-1: Swinging Strike
1-2: Strikes out swinging
Batting: RHB Martin van Veldhuizen 0-0: Foul Ball, location: 2F
0-1: Swinging Strike
0-2: Ball
1-2: Strikes out swinging
Top of the 6th over - 0 runs, 0 hits, 0 errors, 0 left on base; Lake Minnetonka 1 - Casper 1
BOTTOM OF THE 6TH
Casper Ghosts batting - Pitching for Lake Minnetonka Love Boats : RHP Dylan Telford
Batting: LHB Ronald Anderson 0-0: Called Strike
0-1: Called Strike
0-2: Ball
1-2: Ball
2-2: Strikes out swinging
Batting: RHB Adrijan Markovski 0-0: Foul Ball, location: 2F
0-1: Ball
1-1: Ball
2-1: Ball
3-1: Base on Balls
Batting: LHB Marcus Shill 0-0: Ball
1-0: Ball
2-0: Ball
3-0: Called Strike
3-1: Base on Balls
Adrijan Markovski to second
Batting: LHB Badry Maksimenov 0-0: Ball
1-0: Called Strike
1-1: Ball
2-1: Ball
3-1: Base on Balls
Adrijan Markovski to third
Marcus Shill to second
Batting: RHB Jeff Mouton 0-0: Called Strike
0-1: Called Strike
0-2: Ball
1-2: Strikes out swinging
Batting: RHB Jur Prokop 0-0: Called Strike
0-1: Ball
1-1: Swinging Strike
1-2: Ball
2-2: Strikes out swinging
Bottom of the 6th over - 0 runs, 0 hits, 0 errors, 3 left on base; Lake Minnetonka 1 - Casper 1
TOP OF THE 7TH
Lake Minnetonka Love Boats batting - Pitching for Casper Ghosts : RHP Rhys Maskell
Batting: RHB Hatui Haunani 0-0: Ball
1-0: Called Strike
1-1: Called Strike
1-2: Ball
2-2: Foul Ball, location: 2F
2-2: Foul Ball, location: 2F
2-2: Ball
3-2: Strikes out swinging
Pitching: RHP Robert Cagle
Batting: RHB Francisco Guerra 0-0: TRIPLE (Line Drive, 78XD)
Pinch Hitting: LHB Matt Palmer 0-0: Intentional Walk
Batting: RHB Yoshii Saikawa 0-0: Ball
1-0: SINGLE (Groundball, 56D)
Francisco Guerra scores
Matt Palmer to second
Batting: LHB Tom Haymon 0-0: Ball
1-0: Ball
2-0: Called Strike
2-1: Foul Ball, location: 2F
2-2: Foul Ball, location: 2F
2-2: Ball
3-2: Foul Ball, location: 2F
3-2: Reached on error, E5 (Groundball, 56)
Matt Palmer to third
Yoshii Saikawa to second
Batting: RHB Jeff Hunter 0-0: Ball
1-0: Called Strike
1-1: Grounds into fielders choice 1-2 (Groundball, 13S)
Yoshii Saikawa to third
Tom Haymon to second
Batting: RHB Mario van Heijbeeck 0-0: Ball
1-0: Called Strike
1-1: Called Strike
1-2: Ball
2-2: Strikes out swinging
Top of the 7th over - 1 run, 2 hits, 1 error, 3 left on base; Lake Minnetonka 2 - Casper 1
BOTTOM OF THE 7TH
Casper Ghosts batting - Pitching for Lake Minnetonka Love Boats : RHP Dylan Telford
Now in LF: Matt Palmer
Batting: RHB Steve Weber 0-0: Foul Ball, location: 2F
0-1: Ball
1-1: DOUBLE (Flyball, 8RXD)
Pitching: RHP Pancho Mastache
Pinch Hitting: RHB Armando Pacheco 0-0: Ball
1-0: Ball
2-0: TRIPLE (Line Drive, 7D)
Steve Weber scores
Batting: RHB Tatsui Kiyomizu 0-0: Called Strike
0-1: Swinging Strike
0-2: Ball
1-2: Foul Ball, location: 2F
1-2: Foul Ball, location: 2F
1-2: Strikes out looking
Batting: LHB Ronald Anderson 0-0: Intentional Walk
Batting: RHB Adrijan Markovski 0-0: Ground out 5-3 (Groundball, 56S)
Ronald Anderson to second
Batting: LHB Marcus Shill 0-0: Fly out, F9 (Line Drive, 89S)
Bottom of the 7th over - 1 run, 2 hits, 0 errors, 2 left on base; Lake Minnetonka 2 - Casper 2
TOP OF THE 8TH
Lake Minnetonka Love Boats batting - Pitching for Casper Ghosts : RHP Robert Cagle
Now at 3B: Armando Pacheco
Batting: LHB Juan Ramírez 0-0: Foul Ball, location: 2F
0-1: Ball
1-1: Ball
2-1: Swinging Strike
2-2: Strikes out swinging, 2-3 out at first.
Batting: RHB Martin van Veldhuizen 0-0: Called Strike
0-1: Swinging Strike
0-2: Fly out, F8 (Flyball, 89D)
Batting: RHB Hatui Haunani 0-0: Ball
1-0: Ball
2-0: Ball
3-0: Base on Balls
Batting: RHB Francisco Guerra 0-0: Called Strike
0-1: Ball
1-1: Ball
2-1: Fly out, F4 (Line Drive, 4)
Top of the 8th over - 0 runs, 0 hits, 0 errors, 1 left on base; Lake Minnetonka 2 - Casper 2
BOTTOM OF THE 8TH
Casper Ghosts batting - Pitching for Lake Minnetonka Love Boats : RHP Pancho Mastache
Batting: LHB Badry Maksimenov 0-0: Called Strike
0-1: Ball
1-1: Foul Ball, location: 2F
1-2: Foul Ball, location: 2F
1-2: Strikes out swinging
Batting: RHB Jeff Mouton 0-0: Called Strike
0-1: Foul Ball, location: 2F
0-2: Ball
1-2: Foul Ball, location: 2F
1-2: Ball
2-2: Ball
3-2: Strikes out swinging
Batting: RHB Jur Prokop 0-0: Ground out 1-3 (Groundball, P)
Bottom of the 8th over - 0 runs, 0 hits, 0 errors, 0 left on base; Lake Minnetonka 2 - Casper 2
TOP OF THE 9TH
Lake Minnetonka Love Boats batting - Pitching for Casper Ghosts : RHP Robert Cagle
Batting: LHB Matt Palmer 0-0: Ball
1-0: Called Strike
1-1: Foul Ball, location: 2F
1-2: Fly out, F7 (Flyball, 7D)
Batting: RHB Yoshii Saikawa 0-0: Called Strike
0-1: Ball
1-1: Foul Ball, location: 2F
1-2: Reached on error, E5 (Groundball, 5)
Batting: LHB Tom Haymon 0-0: Ball
1-0: Ball
Wild Pitch!
Yoshii Saikawa to third
2-0: Swinging Strike
2-1: Foul Ball, location: 2F
2-2: Strikes out swinging
Batting: RHB Jeff Hunter 0-0: Ball
1-0: Called Strike
1-1: Called Strike
1-2: Ball
2-2: Ball
3-2: Strikes out swinging
Top of the 9th over - 0 runs, 0 hits, 1 error, 1 left on base; Lake Minnetonka 2 - Casper 2
BOTTOM OF THE 9TH
Casper Ghosts batting - Pitching for Lake Minnetonka Love Boats : RHP Pancho Mastache
Batting: RHB Steve Weber 0-0: Ball
1-0: Foul Ball, location: 2F
1-1: Ground out 4-3 (Groundball, 4MD)
Batting: RHB Armando Pacheco 0-0: Ball
1-0: Called Strike
1-1: Ground out U3 (Groundball, 34)
Batting: RHB Tatsui Kiyomizu 0-0: Fly out, F7 (Flyball, 7)
Bottom of the 9th over - 0 runs, 0 hits, 0 errors, 0 left on base; Lake Minnetonka 2 - Casper 2
TOP OF THE 10TH
Lake Minnetonka Love Boats batting - Pitching for Casper Ghosts : RHP Robert Cagle
Batting: RHB Mario van Heijbeeck 0-0: Called Strike
0-1: Ball
1-1: Ball
2-1: SINGLE (Groundball, 56D)
Batting: LHB Juan Ramírez 0-0: Swinging Strike
0-1: Called Strike
0-2: Ball
1-2: Ball
Mario van Heijbeeck steals 2nd base
2-2: Strikes out swinging
Batting: RHB Martin van Veldhuizen 0-0: Foul Ball, location: 2F
0-1: Foul Ball, location: 2F
0-2: Strikes out looking
Batting: RHB Hatui Haunani 0-0: Ball
1-0: Swinging Strike
1-1: Foul Ball, location: 2F
1-2: Ball
2-2: Foul Ball, location: 2F
2-2: Strikes out swinging
Top of the 10th over - 0 runs, 1 hit, 0 errors, 1 left on base; Lake Minnetonka 2 - Casper 2
BOTTOM OF THE 10TH
Casper Ghosts batting - Pitching for Lake Minnetonka Love Boats : RHP Pancho Mastache
Pitching: RHP Harry Stogsdill
Batting: LHB Ronald Anderson 0-0: Foul Ball, location: 2F
0-1: Foul Ball, location: 2F
0-2: Foul Ball, location: 2F
Error on foul ball, E2
0-2: Ball
1-2: Ball
2-2: Foul Ball, location: 2F
2-2: SINGLE (Line Drive, 3D)
Batting: RHB Adrijan Markovski 0-0: Ball
Throwing error on steal attempt, E2
Ronald Anderson to third
1-0: SINGLE (Flyball, 8RS)
Ronald Anderson scores
Friday, March 29th, 2019 - OOTP Baseball 18.8 Build 76